 Dungeon Crawl Stone Soup version 0.31-a0-521-gc7390f8997 (webtiles) character file.

Game seed: 17544304738951304298

541453 HoaS the Crack Shot (level 26, -3/184 HPs)
             Began as a Gargoyle Hunter on Aug 8, 2023.
             Was the Champion of Zin.
             Slain by a vault warden
             ... wielding a +1 great sword of electrocution
              (25 damage)
             ... on level 4 of the Vaults on Aug 10, 2023.
             The game lasted 04:02:30 (56241 turns).

HoaS the Crack Shot (Gargoyle Hunter)              Turns: 56241, Time: 04:02:31

Health: -3/184     AC: 36    Str: 19    XL:     26   Next: 55%
Magic:  36/36      EV: 47    Int: 12    God:    Zin [******]
Gold:   7567       SH:  0    Dex: 31    Spells: 25/25 levels left

rFire   + + +        v - +7 triple crossbow (flame)
rCold   . . .        (shield currently unavailable)
rNeg    + . .        J - +3 troll leather armour {Snorg}
rPois   ∞            I - +2 helmet {SInv}
rElec   +            n - +1 cloak "Meskaig" {rF++ Str+2}
rCorr   .            Q - +1 pair of gloves of Nireps {Harm rF+ Will+ Dex+4}
SInv    +            j - +2 pair of boots
Will    ++...        R - amulet of regeneration
Stlth   ++           D - +5 ring of evasion
HPRegen 2.10/turn    z - +6 ring of dexterity
MPRegen 0.25/turn

%: harm (+30% outgoing, +20% incoming)
@: about to teleport, flying, studying Ice Magic, unable to drink
A: sickness immunity, AC +20, big wings, negative energy resistance 1,
electricity resistance, torment resistance 1, petrification resistance,
inability to drink after injury 1
}: 2/15 runes: barnacled, gossamer
a: Renounce Religion, Recite, Vitalisation, Imprison, Sanctuary, Donate Gold


You were on level 4 of the Vaults.
You worshipped Zin.
Zin was exalted by your worship.
You visited 10 branches of the dungeon, and saw 46 of its levels.
You visited the Abyss 2 times.
You visited 1 bazaar.
You also visited: Ice Cave.

You collected 8352 gold pieces.
You spent 571 gold pieces at shops.
You donated 214 gold pieces to Zin.

Inventory:

Hand Weapons
 v - a +7 triple crossbow of flaming (weapon)
Armour
 j - a +2 pair of boots (worn)
 n - the +1 cloak "Meskaig" (worn) {rF++ Str+2}
   (You found it on level 3 of the Dungeon)

   Str+2:     It affects your strength (+2).
   rF++:      It greatly protects you from fire.
 I - a +2 helmet of see invisible (worn)
 J - a +3 troll leather armour (worn) {Snorg}
 Q - the +1 pair of gloves of Nireps (worn) {Harm rF+ Will+ Dex+4}
   (You found it on level 15 of the Dungeon)

   Dex+4:     It affects your dexterity (+4).
   rF+:       It protects you from fire.
   Will+:     It increases your willpower.
   Harm:      It increases damage dealt and taken.
Jewellery
 k - a ring of willpower
 q - a ring of resist corrosion
 x - a ring of protection from cold
 z - a +6 ring of dexterity (right hand)
 C - a ring of willpower
 D - a +5 ring of evasion (left hand)
 N - a ring of ice
 R - an amulet of regeneration (around neck)
Wands
 y - a wand of acid (10)
 A - a wand of digging (19)
Scrolls
 a - 14 scrolls of fear
 b - 8 scrolls of butterflies
 e - a scroll of silence
 f - a scroll of brand weapon
 m - 28 scrolls of teleportation
 s - 4 scrolls of blinking
 w - 4 scrolls of enchant armour
 B - 10 scrolls of revelation
 H - 6 scrolls of poison
 P - 5 scrolls of fog
Potions
 c - 9 potions of attraction
 d - 4 potions of enlightenment
 h - 7 potions of heal wounds
 i - 24 potions of curing
 t - 11 potions of mutation
 u - 8 potions of resistance
 F - 2 potions of invisibility
 G - 5 potions of cancellation
 K - 4 potions of haste
 L - 6 potions of ambrosia


   Skills:
 + Level 24.1 Fighting
 - Level 26.0 Ranged Weapons
 * Level 25.8 Dodging
 - Level 1.1 Stealth
 - Level 18.0 Invocations


You had 25 spell levels left.
You didn't know any spells.
Your spell library contained the following spells:

 Spells                   Type           Power      Damage    Failure   Level
 Foxfire                  Conj/Fire      0%         2x1d4     36%         1
 Shock                    Conj/Air       0%         1d3       36%         1
 Summon Small Mammal      Summ           0%         N/A       36%         1
 Blink                    Tloc           0%         N/A       52%         2
 Ensorcelled Hibernation  Hex/Ice        0%         N/A       52%         2
 Lesser Beckoning         Tloc           0%         N/A       52%         2
 Momentum Strike          Conj/Tloc      0%         3d8       52%         2
 Scorch                   Fire           0%         2d5       52%         2
 Wereblood                Tmut           0%         N/A       52%         2
 Call Canine Familiar     Summ           0%         N/A       75%         3
 Dazzling Flash           Conj/Hex       0%         N/A       75%         3
 Frozen Ramparts          Ice            0%         1d1       75%         3
 Mephitic Cloud           Conj/Pois/Air  0%         N/A       75%         3
 Summon Guardian Golem    Hex/Summ       0%         N/A       75%         3
 Swiftness                Air            0%         N/A       75%         3
 Vhi's Electric Charge    Tloc/Air       0%         N/A       75%         3
 Volatile Blastmotes      Fire/Tloc      0%         2d10      75%         3
 Airstrike                Air            0%         2d(0-16)  98%         4
 Anguish                  Hex/Necr       0%         N/A       98%         4
 Animate Armour           Summ/Erth      0%         N/A       98%         4
 Flame Wave               Conj/Fire      0%         2d4       98%         4
 Fulminant Prism          Conj/Hex       0%         3d5       98%         4
 Iskenderun's Mystic Bla  Conj/Tloc      0%         2d3       98%         4
 Leda's Liquefaction      Hex/Erth       0%         N/A       98%         4
 Petrify                  Tmut/Erth      0%         N/A       98%         4
 Sticky Flame             Conj/Fire      0%         2d3       98%         4
 Summon Lightning Spire   Summ/Air       0%         N/A       98%         4
 Alistair's Intoxication  Tmut/Pois      0%         N/A       100%        5
 Arcjolt                  Conj/Air       0%         1d10      100%        5
 Borgnjor's Vile Clutch   Necr/Erth      0%         N/A       100%        5
 Fireball                 Conj/Fire      0%         3d3       100%        5
 Irradiate                Conj/Tmut      0%         3d11      100%        5
 Iskenderun's Battlesphe  Conj           0%         2d6       100%        5
 Lee's Rapid Deconstruct  Erth           0%         3d4*      100%        5
 Metabolic Englaciation   Hex/Ice        0%         N/A       100%        5
 Summon Forest            Summ/Tloc      0%         N/A       100%        5
 Summon Mana Viper        Hex/Summ       0%         N/A       100%        5
 Yara's Violent Unravell  Hex/Tmut       0%         3d3       100%        5
 Conjure Ball Lightning   Conj/Air       0%         3x3d6     100%        6
 Eringya's Noxious Bog    Tmut/Pois      0%         4d6       100%        6
 Leda's Unmaking          Conj/Erth      0%         9d1       100%        6
 Plasma Beam              Fire/Air       0%         2x1d10    100%        6
 Simulacrum               Ice/Necr       0%         N/A       100%        6
 Summon Cactus Giant      Summ           0%         N/A       100%        6
 Haunt                    Necr/Summ      0%         N/A       100%        7
 Orb of Destruction       Conj           0%         9d5       100%        7
 Ozocubu's Refrigeration  Ice            0%         4d7       100%        7
 Spellforged Servitor     Conj/Summ      0%         N/A       100%        7
 Discord                  Hex            0%         N/A       100%        8
 Disjunction              Tloc           0%         N/A       100%        8
 Maxwell's Capacitive Co  Air            0%         ∞         100%        8
 Chain Lightning          Conj/Air       0%         N/A       100%        9
 Fire Storm               Conj/Fire      0%         5d1       100%        9
 Polar Vortex             Ice            0%         N/A       100%        9
 Shatter                  Erth           0%         3d5*      100%        9


Dungeon Overview and Level Annotations

Branches:
Dungeon (15/15)            Temple (1/1) D:4            Lair (5/5) D:8
 Shoals (4/4) Lair:2       Spider (4/4) Lair:2        Slime (0/5) Lair:5
    Orc (2/2) D:9             Elf (3/3) Orc:2        Vaults (5/5) D:13
  Crypt (3/3) Vaults:2       Tomb (0/3) Crypt:3      Depths (4/4) D:15
    Zot (0/5) Depths:4      IceCv (visited)

Altars:
Ashenzari
Cheibriados
Dithmenos
Elyvilon
Fedhas
Gozag
Hepliaklqana
Kikubaaqudgha
Makhleb
Nemelex Xobeh
Okawaru
Qazlal
Ru
Sif Muna
Trog
Uskayaw
Vehumet
Wu Jian
Xom
Yredelemnul
Zin
The Shining One

Shops:
D:10 (   Orc:2 (([=   Elf:3 ::[[   Shoals:1 (   Shoals:2 :   Vaults:2 [
Depths:3 :

Portals:
Hell: Depths:1 Depths:2 Depths:3 Depths:4
Abyss: Depths:1 Depths:2 Depths:3 Depths:4
Pandemonium: Depths:1 Depths:2
Ziggurat: Depths:1
Trove: D:10 (give +3 gold dragon scales)

Annotations:
Lair:5 1 runed translucent door
Vaults:5 Jory
Depths:2 1 runed translucent door, Woifuwat's ghost, veteran MfIE


Innate Abilities, Weirdness & Mutations

You are immune to sickness and miasma.
Your stone body is resilient. (AC +20)
You are immune to poison.
Your large and strong wings let you fly.
You resist negative energy. (rN+)
You are resistant to electric shocks. (rElec)
You are resistant to unholy torment.
You are immune to petrification.
You occasionally lose the ability to drink potions when taking damage.


Message History

The ogre completely misses you. The frost giant completely misses you.
The vault warden completely misses you. Jory completely misses you.
The stone giant completely misses you. The orc knight completely misses you.
The orc knight barely misses itself.
The titan hits you!
The deep elf high priest shoots an arrow.
The arrow hits the frost giant.
The ogre mage completely misses you. The frost giant completely misses you.
The vault warden hits you but does no damage.
The stone giant closely misses you. Jory completely misses you.
The stone giant completely misses you. The ogre completely misses you.
The titan completely misses you.
The deep elf high priest shouts, "You must be punished!"
The deep elf high priest utters a dark prayer and points at you.
The frost giant's life force is offered up.
The stone giant is healed.
The titan is healed.
The orc knight is healed.
The ogre is healed.
The vault warden is healed.
The two-headed ogre is healed.
You fly upwards.
There is a stone staircase leading down, spattered with blood here.
You see here +0 gold dragon scales.
You shoot a bolt. The bolt hits the stone giant!!!
The bolt burns the stone giant!!
You kill the stone giant!
The titan waves its arms in wide circles.
The air twists around and strikes you. The stone giant hits you!
The ogre mage casts a spell.
The ogre mage flickers and vanishes for a moment.
The frost giant completely misses you.
The vault warden hits you with a +1 great sword of electrocution.
You shoot a bolt. The bolt hits the titan!
The bolt burns the titan.
The titan is lightly wounded.
The ogre completely misses you. The titan misses you. The ogre mage misses you.
The vault warden hits you with a +1 great sword of electrocution!!
You feel threatened and lose the ability to drink potions!
The frost giant completely misses you. The stone giant completely misses you.
As you read the scroll of teleportation, it crumbles to dust.
You feel strangely unstable. The titan hits you!!!
* * * LOW HITPOINT WARNING * * *
The ogre completely misses you.
The vault warden hits you with a +1 great sword of electrocution!!
You die...

#######.[.# ##..##
......#...# #....##
......#...# #.....##
......#.).# ##..#..##
......#...# ####...##
......'...##########.<..#
[.....#...#........+....#
......#...#....O)C.##...####
......#...#....C@p.###..#..##
#######...#....CO(.# ##.....#
#...#......)[#####....#
#...#.......[[|# ##..##
#...#.......[### ####
#######...#........#
......#...#.)......#
......#...+........#
......#...#........#


You could see a titan, a frost giant, a stone giant, a vault warden, an ogre
mage (invisible) and an ogre.

Vanquished Creatures
  A dread lich (Vaults:4)
  An ancient lich (Vaults:5)
  3 juggernauts
  Bai Suzhen (Spider:4)
  Margery (Vaults:2)
  4 caustic shrikes
  2 golden dragons
  2 bone dragons (Depths:4)
  A shard shrike zombie (Crypt:2)
  The ghost of Fauhuump the Cloud Mage, an adept TeAE of Ashenzari (Vaults:4)
  5 tentacled monstrosities
  5 liches
  2 quicksilver dragons
  2 deep elf blademasters (Elf:3)
  2 walking frostbound tomes (Depths:2)
  4 titans
  2 deep elf master archers (Elf:3)
  4 tentacled starspawn (Abyss:3)
  A walking earthen tome (Depths:2)
  7 sphinxes
  An ancient champion (Crypt:3)
  7 tengu reavers
  Roxanne (Spider:4)
  3 shadow dragons
  A draconian monk (Depths:4)
  2 revenants (Crypt:3)
  6 storm dragons
  5 deep elf sorcerers
  14 fire giants
  7 emperor scorpions
  8 frost giants
  Louise (Depths:1)
  2 iron dragons
  19 vault wardens
  4 ghost moths
  4 orc warlords
  4 spectral caustic shrikes (Depths:3)
  A reaper (Crypt:3)
  A draconian stormcaller (Depths:4)
  The ghost of Vetorr the Bludgeoner, a journeyman MiFi of Hepliaklqana (D:15)
  8 deep elf elementalists
  A draconian annihilator (Depths:4)
  2 curse skulls
  15 ironbound preservers
  5 broodmothers
  20 stone giants
  3 spriggan defenders
  8 very ugly things
  3 formless jellyfish
  9 deep elf demonologists
  8 ironbound thunderhulks
  A green draconian (Depths:4)
  Azrael (Elf:2)
  3 white draconians
  5 vampire knights
  6 deep elf annihilators
  4 spark wasps (Depths:2)
  A black draconian (Depths:4)
  23 dire elephants
  2 red draconians
  A yellow draconian (Depths:4)
  9 merfolk impalers
  5 eidola (Crypt:3)
  9 deep elf death magi
  Snorg (D:13)
  A mummy priest (Crypt:3)
  3 crystal guardians
  13 ettins
  10 yaktaur captains
  8 fire dragons
  8 merfolk javelineers
  17 ice dragons
  A spectral spriggan (Crypt:3)
  2 deep elf high priests (Elf:3)
  4 entropy weavers
  3 great orbs of eyes
  8 jiangshi
  2 jorogumos
  31 vault guards
  8 hydras
  2 radroaches
  2 peacekeepers
  3 merfolk avatars
  9 rakshasas
  5 spriggan air magi
  11 ironbound frosthearts
  9 boulder beetles
  An ogre mage (Vaults:4)
  Erica (D:9)
  25 centaur warriors
  2 death knights
  4 merfolk aquamancers
  34 dancing weapons
  A death scarab (Spider:3)
  9 two-headed ogres
  7 deep troll earth magi
  4 orc high priests (Orc:2)
  2 death yaks (Lair:5)
  A naga warrior (Abyss:3)
  10 deep troll shamans
  11 tengu warriors
  9 spriggan berserkers
  A titan zombie (D:12)
  7 demonic crawlers
  7 vampire magi
  5 satyrs
  4 thrashing horrors (Abyss:3)
  2 wretched stars (Abyss:3)
  28 hell knights
  14 deep elf knights
  A spectral bunyip (Crypt:3)
  A spectral death yak (Lair:5)
  5 iron trolls
  2 sixfirhies
  15 skeletal warriors
  5 pharaoh ants
  A skyshark (Lair:5)
  51 deep trolls
  A spectral anaconda (Lair:5)
  15 shadow wraiths
  14 sea snakes
  4 glowing orange brains
  A sun moth (Spider:1)
  20 ironbound convokers
  6 flayed ghosts
  13 orb spiders
  An obsidian statue (Lair:5)
  12 deep elf archers
  7 wizards
  An orange crystal statue (IceCv)
  36 harpies
  16 necromancers
  12 wolf spider zombies (Spider:2)
  An iron giant skeleton (Crypt:1)
  7 steelbarb worms
  21 deep elf pyromancers
  10 orc knights
  26 phantasmal warriors
  50 ugly things
  4 lindwurms
  22 deep elf zephyrmancers
  A shining eye (shapeshifter) (Vaults:1)
  4 stone giant zombies
  13 fauns
  4 moths of wrath
  23 wolf spiders
  A manticore (shapeshifter) (Vaults:3)
  10 merfolk sirens
  11 orc sorcerers
  27 cyclopes
  21 manticores
  A salamander (Abyss:3)
  22 elephants
  2 guardian serpents (Abyss:3)
  2 rust devils
  5 black mambas
  14 vault sentinels
  A dire elephant zombie (Lair:5)
  A fire giant skeleton (Depths:1)
  2 apocalypse crabs (Abyss:3)
  An orange demon (Abyss:3)
  7 torpor snails
  7 cane toads
  8 water nymphs
  An ice statue (D:14)
  7 large abominations (Abyss:3)
  An alligator snapping turtle zombie (Crypt:2)
  2 gargoyles
  10 freezing wraiths
  Psyche (D:11)
  2 dire elephant skeletons (Lair:5)
  A pale draconian zombie (Crypt:2)
  7 redback zombies (Spider:2)
  11 rime drakes (IceCv)
  10 komodo dragons
  A tormentor (Depths:2)
  A yaktaur (shapeshifter) (Elf:3)
  An iron troll zombie (Crypt:3)
  2 tengu conjurers
  33 yaktaurs
  2 ancient zymes (Abyss:3)
  6 guardian mummies (Crypt:3)
  The ghost of bmj180 the Firebug, a novice GrFE (D:6)
  25 merfolk
  A queen bee (Spider:1)
  14 polar bears
  A meliai (shapeshifter) (Vaults:4)
  2 spriggan skeletons (Depths:1)
  5 wind drakes
  10 hornets
  2 merfolk (shapeshifter) (Vaults:4)
  Grinder (D:3)
  15 meliai
  4 tarantella zombies (Spider:2)
  A grey draconian skeleton (Crypt:2)
  11 trolls
  An iron troll skeleton (Crypt:1)
  15 tarantellas
  4 culicivora zombies (Spider:2)
  2 spectral elephants (Lair:5)
  Prince Ribbit (D:9)
  4 blink frogs (Lair:3)
  11 raiju (Abyss:3)
  10 dream sheep
  A human simulacrum (Vaults:1)
  24 jumping spiders
  A jumping spider zombie (Crypt:3)
  19 culicivoras
  An air elemental (Elf:2)
  A fire giant simulacrum (Depths:1)
  13 snapping turtles
  18 slime creatures
  9 flying skulls (Crypt:3)
  An elf zombie (Vaults:1)
  2 ynoxinuls
  6 shadows
  2 vampires
  A spriggan (shapeshifter) (Vaults:3)
  6 spriggans
  An ettin skeleton (Crypt:3)
  18 wraiths
  7 fire elementals
  13 water elementals
  Grum (D:8)
  5 wyverns
  3 basilisks
  59 yaks
  76 redbacks
  4 golden eyes (Abyss:3)
  A wind drake skeleton (Crypt:2)
  13 vampire mosquitoes
  A chaos spawn (Depths:2)
  A naga (Abyss:3)
  2 death yak simulacra (Lair:5)
  11 wargs
  A glowing shapeshifter zombie (Vaults:1)
  2 small abominations (Abyss:3)
  3 spectral cane toads (Lair:5)
  A swamp worm (shapeshifter) (Vaults:4)
  An acid dragon (D:9)
  15 water moccasins
  A floating eye (Depths:2)
  2 hell hounds (Elf:2)
  Duvessa (D:5)
  A floating eye (shapeshifter) (Depths:2)
  A sky beast (D:8)
  4 black bears
  2 elephant zombies (Lair:5)
  53 orc warriors
  15 ogres
  27 wolves
  19 centaurs
  A dream sheep skeleton (Crypt:3)
  3 elephant skeletons (Lair:5)
  4 phantoms
  3 kobold brigands
  A komodo dragon zombie (Crypt:2)
  17 bullfrogs
  A cyclops zombie (D:12)
  A gnoll sergeant (D:9)
  7 scorpions
  A scorpion (shapeshifter) (Elf:1)
  19 wights
  2 cane toad simulacra (Lair:5)
  6 earth elementals
  A water moccasin zombie (Crypt:3)
  Dowan (D:5)
  A troll zombie (D:9)
  11 killer bees (Spider:1)
  A warg skeleton (Crypt:3)
  5 electric eels
  2 howler monkeys
  A bullfrog zombie (Crypt:2)
  2 jellies (D:6)
  5 hounds
  A gnoll bouda (D:7)
  30 orc priests
  Ijyb (D:4)
  4 iguanas
  22 orc wizards
  A naga zombie (Crypt:1)
  5 ogre zombies (D:9)
  An acid dragon skeleton (Crypt:2)
  A deep dwarf skeleton (Crypt:2)
  A naga skeleton (Crypt:3)
  A howler monkey zombie (Crypt:1)
  14 gnolls
  9 adders
  A swamp drake zombie (Crypt:1)
  A shadow imp (D:8)
  A swamp drake skeleton (Crypt:1)
  3 white imps
  An ufetubus (Abyss:3)
  An iguana zombie (Crypt:3)
  2 worms
  2 dart slugs
  112 orcs
  5 ball pythons
  4 bats
  2 endoplasms
  7 giant cockroaches
  4 goblins
  7 hobgoblins
  4 jackals (D:1)
  6 quokkas
  A ball python skeleton (Crypt:3)
  A dart slug zombie (Crypt:1)
  4 frilled lizards
  A gnoll skeleton (Crypt:3)
  2 goblin skeletons (D:9)
  A hobgoblin zombie (D:9)
  17 kobolds
  A kobold skeleton (Crypt:3)
  An orc skeleton (D:9)
  15 orc zombies (D:9)
  5 rats
  A lurking horror (Abyss:3)
  2 starspawn tentacles (Abyss:3)
2326 creatures vanquished.

Vanquished Creatures (others)
  A fire giant (Vaults:4)
  An ironbound preserver (Vaults:4)
  2 vault guards
  An ironbound frostheart (Vaults:5)
  A two-headed ogre (Vaults:5)
  3 deep elf zephyrmancers
  A deep elf pyromancer (Elf:3)
  An elephant (Lair:5)
  A culicivora (Spider:2)
  A golden eye (Abyss:3)
  An ogre (Vaults:5)
  An orc (Vaults:5)
  6 starspawn tentacles (Abyss:3)
21 creatures vanquished.

Grand Total: 2347 creatures vanquished

Notes
Turn   | Place    | Note
-------+----------+-------------------------------------------
     0 | D:1      | HoaS the Gargoyle Hunter began the quest for the Orb.
     0 | D:1      | Reached XP level 1. HP: 12/12 MP: 1/1
   111 | D:1      | Reached XP level 2. HP: 17/17 MP: 2/2
  1221 | D:2      | Reached XP level 3. HP: 16/21 MP: 3/3
  1331 | D:2      | Reached skill level 5 in Ranged Weapons
  1884 | D:3      | Identified a scroll of acquirement
  1884 | D:3      | Acquired a manual of Dodging
  1982 | D:3      | Noticed Grinder
  2010 | D:3      | Reached XP level 4. HP: 26/26 MP: 4/4
  2312 | D:3      | Identified the +1 cloak "Meskaig" {rF++ Str+2}
  2696 | D:4      | Found a staircase to the Ecumenical Temple.
  2700 | D:4      | Noticed Ijyb
  2704 | Temple   | Entered the Ecumenical Temple
  2742 | Temple   | Became a worshipper of Elyvilon the Healer
  2884 | D:4      | Paralysed by Ijyb for 4 turns
  2891 | D:4      | Paralysed by Ijyb for 4 turns
  2900 | D:4      | Killed Ijyb
  2901 | D:4      | Reached skill level 6 in Ranged Weapons
  2901 | D:4      | Reached XP level 5. HP: 22/30 MP: 5/5
  3010 | D:4      | Reached skill level 1 in Invocations
  3412 | D:4      | Reached XP level 6. HP: 33/35 MP: 6/6
  3422 | D:4      | Identified the +8 lajatang of Hepliaklqana's Hatred
                  | {freeze, rF+}
  3570 | D:3      | Paralysed by Grinder for 3 turns
  3585 | D:3      | Paralysed by Grinder for 5 turns
  3595 | D:3      | Killed Grinder
  3596 | D:3      | Reached skill level 8 in Ranged Weapons
  3596 | D:3      | Reached XP level 7. HP: 25/40 MP: 7/7
  3719 | D:5      | Entered Level 5 of the Dungeon
  3800 | D:5      | Noticed Duvessa
  3805 | D:5      | Noticed Dowan
  3884 | D:5      | Reached skill level 9 in Ranged Weapons
  3905 | D:5      | Killed Dowan
  3922 | D:5      | Reached XP level 8. HP: 27/44 MP: 8/8
  4166 | D:5      | Killed Duvessa
  4167 | D:5      | Reached skill level 10 in Ranged Weapons
  4275 | D:5      | Reached * piety under Elyvilon
  4366 | D:5      | Found an ornate altar of the Wu Jian Council.
  4408 | D:5      | Found a glowing silver altar of Zin.
  4409 | D:5      | Noticed an angel
  4557 | D:5      | Found a blossoming altar of Fedhas.
  5029 | D:5      | Reached ** piety under Elyvilon
  5313 | D:6      | Reached skill level 11 in Ranged Weapons
  5484 | D:6      | Found a runed translucent gate.
  5485 | D:6      | Found a runed translucent gate.
  5486 | D:6      | Found a runed translucent gate.
  5486 | D:6      | Found an opulent altar of Gozag.
  5490 | D:6      | Noticed bmj180's ghost (novice GrFE)
  5782 | D:6      | Reached XP level 9. HP: 48/48 MP: 10/10
  6138 | D:6      | Reached *** piety under Elyvilon
  6326 | D:6      | Reached skill level 12 in Ranged Weapons
  6745 | D:7      | Reached skill level 13 in Ranged Weapons
  6754 | D:7      | Noticed a two-headed ogre
  6775 | D:7      | Killed a two-headed ogre
  6908 | D:7      | Reached skill level 14 in Ranged Weapons
  6908 | D:7      | Reached XP level 10. HP: 49/53 MP: 11/11
  7488 | D:8      | Found a hide-covered altar of Uskayaw.
  7605 | D:8      | Reached skill level 15 in Ranged Weapons
  7620 | D:8      | Found a staircase to the Lair.
  7698 | D:8      | Found a radiant altar of Vehumet.
  7741 | D:8      | Reached **** piety under Elyvilon
  7785 | D:8      | Found an iron altar of Okawaru.
  7973 | D:8      | Found a bloodstained altar of Trog.
  7981 | D:8      | Found a hazy altar of Hepliaklqana.
  8370 | D:9      | Noticed Grum
  8509 | D:8      | Killed Grum
  8760 | D:9      | Found a staircase to the Orcish Mines.
  8769 | D:9      | Reached skill level 16 in Ranged Weapons
  8880 | D:9      | Noticed Erica
  8888 | D:9      | Killed Erica
  8889 | D:9      | Reached XP level 11. HP: 61/61 MP: 13/13
  8916 | D:9      | Noticed a two-headed ogre
  8931 | D:9      | Killed a two-headed ogre
  8985 | D:9      | Found an ancient bone altar of Kikubaaqudgha.
  9173 | D:9      | Noticed Prince Ribbit
  9195 | D:9      | Killed Prince Ribbit
  9196 | D:9      | Reached skill level 5 in Fighting
  9758 | D:10     | Entered Level 10 of the Dungeon
  9758 | D:10     | Found an opulent altar of Gozag.
  9758 | D:10     | Found a portal to a secret trove of treasure.
  9758 | D:10     | Reached ***** piety under Elyvilon
  9933 | Lair:1   | Entered Level 1 of the Lair of Beasts
 10164 | Lair:1   | Identified the +3 robe "Tang" {Will+}
 10378 | Lair:1   | Reached skill level 5 in Invocations
 10557 | Lair:1   | Upgraded the game from 0.31-a0-485-gaadceae713 to
                  | 0.31-a0-496-g6f97920a28
 10626 | Lair:2   | Reached skill level 5 in Dodging
 10764 | Lair:2   | Found a hole to the Spider Nest.
 10863 | Lair:2   | Reached XP level 12. HP: 68/75 MP: 13/15
 10929 | Lair:2   | Noticed a seven-headed hydra
 10941 | Lair:2   | Killed a seven-headed hydra
 11168 | Lair:2   | Found a staircase to the Shoals.
 11323 | Lair:2   | Reached ****** piety under Elyvilon
 11349 | Lair:2   | Identified the +2 ring mail "Vyner" {Will- Regen+ Dex-2
                  | SInv}
 11601 | Lair:2   | Reached skill level 10 in Fighting
 12205 | Lair:3   | Reached skill level 10 in Dodging
 12497 | Lair:4   | Noticed a four-headed hydra
 12512 | Lair:4   | Killed a four-headed hydra
 12513 | Lair:4   | Reached XP level 13. HP: 84/84 MP: 18/18
 13500 | Lair:5   | Entered Level 5 of the Lair of Beasts
 13953 | Lair:5   | Noticed a dire elephant
 13953 | Lair:5   | Noticed a dire elephant
 13954 | Lair:5   | Noticed a dire elephant
 13954 | Lair:5   | Noticed a dire elephant
 14046 | Lair:5   | Found a runed translucent door.
 14046 | Lair:5   | Noticed an acid blob
 14047 | Lair:5   | Noticed an acid blob
 14049 | Lair:5   | Found a staircase to the Slime Pits.
 14515 | Lair:5   | Gained mutation: Your large and strong wings let you fly.
                  | [Gargoyle growth]
 14515 | Lair:5   | Reached XP level 14. HP: 87/94 MP: 18/20
 14944 | Lair:5   | Identified the amulet of Botoneq {RegenMP Drain rElec rC+
                  | rCorr}
 15339 | Lair:4   | Killed a dire elephant
 15597 | D:6      | Killed bmj180's ghost
 15707 | D:10     | Found Recu's Antique Weapon Shop.
 15891 | D:10     | Found a runed translucent gate.
 15891 | D:10     | Found a runed translucent gate.
 15891 | D:10     | Found a runed translucent gate.
 15903 | D:10     | Found a shimmering blue altar of Sif Muna.
 16490 | D:11     | Noticed Psyche
 16499 | D:11     | Killed Psyche
 17178 | D:11     | Reached skill level 10 in Invocations
 17451 | D:12     | Reached skill level 15 in Fighting
 17474 | D:12     | Identified the +1 helmet of Gravity {rElec Str+2 Int+3}
 18289 | D:12     | Reached XP level 15. HP: 82/103 MP: 22/22
 18589 | D:12     | Noticed a fire giant
 18601 | D:12     | Killed a fire giant
 18701 | D:12     | Identified the +5 dagger of the Disbelieving Gods {pain,
                  | Stlth+}
 19503 | Lair:5   | Identified the staff "Jellyslayer" {Str+3 Earth}
 19817 | Lair:5   | Gained mutation: You occasionally lose the ability to drink
                  | potions when taking damage. [a neqoxec]
 20205 | Orc:1    | Entered Level 1 of the Orcish Mines
 20373 | Orc:2    | Entered Level 2 of the Orcish Mines
 20500 | Orc:2    | Noticed an orc warlord
 20522 | Orc:2    | Killed an orc warlord
 20898 | Orc:2    | Found a staircase to the Elven Halls.
 21316 | Orc:2    | Noticed an orc warlord
 21348 | Orc:2    | Killed an orc warlord
 21509 | Orc:2    | Found Ysi Zyal's Jewellery Shoppe.
 21550 | Orc:2    | Reached skill level 15 in Dodging
 21556 | Orc:2    | Found Gis Foq's Antique Armour Boutique.
 21887 | Orc:2    | Found Myxocash's Antique Weapon Emporium.
 21892 | Orc:2    | Bought a runed arbalest for 210 gold pieces
 21899 | Orc:2    | Found Juyk's Antique Weapon Shoppe.
 23110 | D:13     | Noticed Snorg
 23120 | D:13     | Killed Snorg
 23167 | D:13     | Reached XP level 16. HP: 110/110 MP: 25/25
 23319 | D:13     | Found a gate to the Vaults.
 23532 | D:13     | You are sucked into a shaft and drop 2 floors!
 23532 | D:15     | Entered Level 15 of the Dungeon
 23732 | D:14     | Found a blossoming altar of Fedhas.
 24123 | D:14     | Found a frozen archway.
 24134 | IceCv    | Entered an ice cave
 24285 | IceCv    | Reached skill level 17 in Ranged Weapons
 25375 | D:14     | Reached XP level 17. HP: 115/115 MP: 27/27
 26161 | D:15     | Reached skill level 18 in Ranged Weapons
 26240 | D:15     | Found a transporter.
 26275 | D:15     | Found a transporter.
 26476 | D:15     | Found a staircase to the Depths.
 26689 | D:15     | Noticed Vetorr's ghost (journeyman MiFi)
 26958 | Spider:1 | Entered Level 1 of the Spider Nest
 26959 | Spider:1 | Upgraded the game from 0.31-a0-496-g6f97920a28 to
                  | 0.31-a0-507-gbafd7f5274
 27570 | Shoals:1 | Entered Level 1 of the Shoals
 27576 | Shoals:1 | Reached skill level 15 in Invocations
 27703 | Shoals:1 | Found Epouvade's Weapon Shoppe.
 28452 | Shoals:2 | Identified the ring of Tonuix {Fly rF+ Int+3}
 29061 | Shoals:2 | Found Zekior's Self-Improvement Boutique.
 29614 | Shoals:3 | Reached XP level 18. HP: 123/123 MP: 29/29
 29947 | Shoals:4 | Entered Level 4 of the Shoals
 30144 | Shoals:4 | Got a barnacled rune of Zot
 30687 | Abyss:3  | Cast into level 3 of the Abyss (merfolk impaler)
 30795 | Shoals:4 | Escaped the Abyss
 32015 | Spider:1 | Reached skill level 19 in Ranged Weapons
 32283 | Spider:1 | Reached XP level 19. HP: 130/130 MP: 30/30
 32825 | Spider:2 | Reached skill level 20 in Ranged Weapons
 34599 | Spider:4 | Entered Level 4 of the Spider Nest
 34599 | Spider:4 | Noticed Roxanne
 34620 | Spider:4 | Killed Roxanne
 34874 | Spider:4 | Noticed Bai Suzhen
 34891 | Spider:4 | Killed Bai Suzhen
 35537 | Spider:4 | Reached XP level 20. HP: 139/139 MP: 28/31
 35749 | Spider:4 | Got a gossamer rune of Zot
 36273 | Elf:1    | Entered Level 1 of the Elven Halls
 36273 | Elf:1    | Found a runed translucent gate.
 36273 | Elf:1    | Found a runed translucent gate.
 36273 | Elf:1    | Found a runed translucent gate.
 36273 | Elf:1    | Found a runed translucent gate.
 36273 | Elf:1    | Found a runed translucent gate.
 36273 | Elf:1    | Found a runed translucent gate.
 36274 | Elf:1    | Found a runed translucent door.
 36276 | Elf:1    | Found a runed translucent door.
 36481 | Elf:1    | Found an ancient bone altar of Kikubaaqudgha.
 36492 | Elf:1    | Acquired a +2 triple crossbow of electrocution
 37684 | Elf:2    | Found a runed translucent gate.
 37688 | Elf:2    | Found a runed translucent gate.
 37688 | Elf:2    | Found a runed translucent gate.
 37819 | Elf:2    | Noticed Azrael
 37837 | Elf:2    | Killed Azrael
 39025 | Vaults:1 | Entered Level 1 of the Vaults
 39178 | Abyss:3  | Cast into level 3 of the Abyss (a wizard)
 39354 | Abyss:3  | Reached XP level 21. HP: 146/146 MP: 25/33
 39650 | Abyss:3  | Reached skill level 21 in Ranged Weapons
 39678 | Vaults:1 | Escaped the Abyss
 40292 | Vaults:1 | Reached skill level 22 in Ranged Weapons
 40961 | Vaults:1 | Gained mutation: You are frail. (-10% HP) [a shining eye]
 41148 | Vaults:2 | Noticed Margery
 41156 | Vaults:2 | Killed Margery
 41336 | Vaults:2 | Reached skill level 23 in Ranged Weapons
 41595 | Vaults:2 | Found Olenef's Armour Shop.
 41673 | Vaults:2 | Reached XP level 22. HP: 136/136 MP: 34/34
 42159 | Vaults:2 | Reached skill level 24 in Ranged Weapons
 42223 | Vaults:2 | Found a staircase to the Crypt.
 43432 | Vaults:3 | Paralysed by a floating eye for 3 turns
 43452 | Vaults:3 | Reached skill level 25 in Ranged Weapons
 44050 | D:5      | Fell from the grace of Elyvilon
 44050 | D:5      | Became a worshipper of Zin the Law-Giver
 44050 | D:5      | Reached * piety under Zin
 44050 | D:5      | Reached ** piety under Zin
 44050 | D:5      | Reached *** piety under Zin
 44050 | D:5      | Reached **** piety under Zin
 44050 | D:5      | Reached ***** piety under Zin
 44366 | Vaults:4 | Upgraded the game from 0.31-a0-507-gbafd7f5274 to
                  | 0.31-a0-521-gc7390f8997
 44526 | Vaults:4 | Found a runed translucent door.
 44526 | Vaults:4 | Found a shimmering altar of Xom.
 44526 | Vaults:4 | Noticed Fauhuump's ghost (adept TeAE)
 44526 | Vaults:4 | Identified the +4 battleaxe "Elohapom" {chaos, rElec rF+
                  | rN+}
 45189 | Vaults:4 | Reached XP level 23. HP: 105/140 MP: 35/35
 45553 | D:15     | Reached skill level 26 in Ranged Weapons
 45561 | D:15     | Killed Vetorr's ghost
 45640 | D:15     | Identified the +1 pair of gloves of Nireps {Harm rF+ Will+
                  | Dex+4}
 45663 | D:15     | Acquired 557 gold pieces
 45748 | Depths:1 | Entered Level 1 of the Depths
 45766 | Depths:1 | Found a gateway to Hell.
 45940 | Depths:1 | Found a one-way gate leading to the halls of Pandemonium.
 45962 | Depths:1 | Found a sacrificial altar of Ru.
 46005 | Depths:1 | Found a one-way gateway to a ziggurat.
 46046 | Depths:1 | Found a one-way gate to the infinite horrors of the Abyss.
 46047 | Depths:1 | Noticed Louise
 46056 | Depths:1 | Killed Louise
 46089 | Depths:1 | Reached ****** piety under Zin
 46155 | Depths:1 | Found a hide-covered altar of Uskayaw.
 46225 | Depths:1 | Found a bloodstained altar of Trog.
 46563 | Depths:1 | Lost mutation: You are frail. (-10% HP) [potion of
                  | mutation]
 46563 | Depths:1 | Lost mutation: You occasionally lose the ability to drink
                  | potions when taking damage. [potion of mutation]
 46703 | Depths:2 | Found a runed translucent door.
 46705 | Depths:2 | Noticed Woifuwat's ghost (veteran MfIE)
 46798 | Depths:2 | Acquired 875 gold pieces
 47175 | Depths:2 | Noticed a juggernaut
 47186 | Depths:2 | Killed a juggernaut
 47202 | Depths:2 | Noticed a juggernaut
 47207 | Depths:2 | Killed a juggernaut
 47244 | Depths:2 | Identified the +8 short sword "Ydghog" {flame, Stlth+}
 47309 | Depths:2 | Acquired a manual of Dodging
 47518 | Depths:2 | Got the Codex of Anathema
 47794 | Depths:2 | Found a white marble altar of Elyvilon.
 47975 | Depths:2 | Reached XP level 24. HP: 160/164 MP: 35/35
 48329 | Depths:3 | Identified the +9 mace of Defence {flame, rPois Dex+7}
 48329 | Depths:3 | Identified the +2 sling "Teuryon" {freeze, Will+}
 48535 | Depths:3 | Found Zoedosk's Book Emporium.
 49256 | Depths:4 | Entered Level 4 of the Depths
 50337 | Depths:4 | Noticed a caustic shrike
 50341 | Depths:4 | Noticed a caustic shrike
 50343 | Depths:4 | Noticed a caustic shrike
 50343 | Depths:4 | Killed a caustic shrike
 50349 | Depths:4 | Noticed a caustic shrike
 50362 | Depths:3 | Killed a caustic shrike
 50428 | Depths:4 | Killed a caustic shrike
 50441 | Depths:4 | Killed a caustic shrike
 50467 | Depths:4 | Found a gate to the Realm of Zot.
 50589 | Depths:4 | Noticed a juggernaut
 50591 | Depths:4 | Killed a juggernaut
 50656 | Depths:4 | Reached XP level 25. HP: 163/173 MP: 36/36
 51075 | Vaults:4 | Killed Fauhuump's ghost
 51148 | Crypt:1  | Entered Level 1 of the Crypt
 51724 | Crypt:2  | Gained mutation: You occasionally lose the ability to drink
                  | potions when taking damage. [mutagenic glow]
 52279 | Crypt:3  | Entered Level 3 of the Crypt
 52932 | Crypt:3  | Found a basalt altar of Yredelemnul.
 53102 | Crypt:3  | Found the +7 great mace "Undeadhunter" {deathbane, rN+}
 53302 | Crypt:3  | Found a staircase to the Tomb.
 53678 | Elf:3    | Entered Level 3 of the Elven Halls
 53721 | Elf:3    | Found Foriasoeco's Book Emporium.
 53732 | Elf:3    | Found Pinit's Book Boutique.
 53752 | Elf:3    | Found Doaryesu's Armour Shoppe.
 53767 | Elf:3    | Found Voxeabex's Antique Armour Boutique.
 53797 | Elf:3    | Found a flickering gateway to a bazaar.
 53802 | Bazaar   | Entered a bazaar
 53808 | Bazaar   | Found Liod Opa's Magic Scroll Boutique.
 53811 | Bazaar   | Found Wesapp's Jewellery Emporium.
 53813 | Bazaar   | Bought a scroll of teleportation for 51 gold pieces
 53813 | Bazaar   | Bought a scroll of teleportation for 51 gold pieces
 53813 | Bazaar   | Bought a scroll of enchant weapon for 127 gold pieces
 53817 | Bazaar   | Found Teod's Magic Scroll Shop.
 53825 | Bazaar   | Bought a scroll of teleportation for 33 gold pieces
 53825 | Bazaar   | Bought 2 scrolls of teleportation for 66 gold pieces
 53832 | Bazaar   | Found Zol Paenubb's General Store.
 53836 | Bazaar   | Found Enkiuxen's Weapon Boutique.
 53840 | Bazaar   | Bought a potion of curing for 33 gold pieces
 54069 | Elf:3    | Identified the +5 short sword of the Whale {pain, rF+}
 54138 | Elf:3    | Got Ewimahe's Atlas of Fever
 54147 | Elf:3    | Identified the staff of Day {rPois rF+ rC+ rCorr Int+3
                  | Fire}
 54404 | Elf:3    | Identified the +1 scale mail of the Miller {Dex+3}
 54431 | Elf:3    | Got the Writings on Prime Toxins
 54445 | Elf:3    | Found the +16 obsidian axe {drain, demonic, Mesm Drain Fly
                  | SInv}
 54463 | Elf:3    | Identified the amulet of Qimy {Acrobat rElec Str-2 Slay+2}
 54541 | Elf:3    | Got the Anthology of the Friendly Tempest
 55193 | Vaults:5 | Entered Level 5 of the Vaults
 55200 | Vaults:5 | Reached XP level 26. HP: 183/183 MP: 34/36
 55354 | Vaults:5 | Noticed an ancient lich
 55498 | Vaults:5 | Killed an ancient lich
 55936 | Vaults:5 | Noticed a dread lich
 55956 | Vaults:4 | Killed a dread lich
 56078 | Vaults:5 | Noticed Jory
 56241 | Vaults:4 | Slain by a vault warden

Illustrated notes

Levels and vault maps discovered:
D:1:      matt_arrival_spirals, layout_loops_corners, minmay_misc_feat_roman
D:2:      layout_loops_ring
D:3:      layout_loops_cross, uniq_grinder
D:4:      layout_basic, minmay_temple_entry_statues_fountains,
          nrook_mini_vaults, nicolae_twisty_statue_hallways, uniq_ijyb
D:5:      layout_basic, nzn_wu_jian_council_hall, lemuel_crystal_altar,
          zin_angel, minmay_misc_feat_room, uniq_duvessa
D:6:      layout_layer_cave, ebering_ghost_gozag, item_on_display_a
D:7:      layout_rooms
D:8:      layout_cave_pods, mainiacjoe_overflow_paths,
          mainiacjoe_overflow_six_doors_small, nicolae_overflow_squiral,
          mainiacjoe_overflow_catwalk, due_lair_maze_entry_diamond
D:9:      layout_small_grid, lemuel_crystal_altar, zombieorc1_lemuel, uniq_grum,
          uniq_erica, uniq_prince_ribbit1
D:10:     lemuel_bear_cage, layout_cross, nicolae_overflow_crystal_walls,
          amcnicky_altar_gilded, serial_shops, nicolae_stop_n_shop_1,
          enter_trove_2
D:11:     layout_cave_pools, nzn_life_drinkers, uniq_psyche
D:12:     giant_chief_lemuel, layout_basic, grunt_decor_mini_mirrors
D:13:     layout_gridville, erik_vaults_1, wad_floor_pattern_2, uniq_snorg
D:14:     layout_rooms, portal_ice_cave_entry_ice_statue_one, fedhas_altar_2
D:15:     hellmonk_depths_entry_around_the_bend, layout_loops_ring,
          gammafunk_ghost_berserking_beasts
Temple:   nicolae_temple_bog_church
Lair:1:   layout_long_grid
Lair:2:   layout_regular_city, minmay_shoals_entry_centaurs,
          spider_nest_entry_web_field
Lair:3:   layout_cave_shapes, grunt_megastairs_2
Lair:4:   layout_regular_city
Lair:5:   due_jungle_book, layout_loops_ring, slime_entry_2, fungi_pond_lemuel
Shoals:1: cheibrodos_shoals_satyrical_garden, layout_shoals, serial_shops,
          nicolae_shop_just_a_little_nook
Shoals:2: layout_shoals, nicolae_shoals_circle_sea_wall, nicolae_shop_self_help
Shoals:3: layout_shoals, nicolae_shoals_so_close
Shoals:4: shoals_end_simple, layout_shoals
Spider:1: nicolae_spider_hilbert_zone_5 [nicolae_spider_hilbert_3_sides_1_open,
          nicolae_spider_hilbert_4_sides_1_open,
          nicolae_spider_hilbert_4_sides_1_open,
          nicolae_spider_hilbert_6_sides_1_open,
          nicolae_spider_hilbert_6_sides_1_open], nicolae_looking_at_the_future
Spider:2: lemuel_spider_zombies, hangedman_spider_mandibles,
          nicolae_spider_checkerboard
Spider:3: layout_spider_delve, nicolae_spider_baby_got_redback
Spider:4: spider_rune_water, hangedman_spider_tarantella_strand, uniq_roxanne,
          uniq_bai_suzhen
Orc:1:    layout_caves, nicolae_orc_lava_room
Orc:2:    pubby_orc_utopia
Elf:1:    nicolae_elf_arrival_dilemma, layout_rooms, basic_altar,
          evilmike_minifort, due_unseen_surprise
Elf:2:    nicolae_elf_blades_crystal_corner, layout_loops_ring, uniq_azrael
Elf:3:    grunt_elf_hall_branching, layout_geoelf_octagon, serial_shops,
          bzr_entry_dummy, nicolae_shop_just_a_little_nook,
          nicolae_shop_back_alley_shop, shop, nicolae_shop_tiny_glass,
          grunt_ministairs_13
Vaults:1: ontoclasm_vaults_ligature, nicolae_vaults_angled_halls,
          nicolae_vaults_big_angled_halls, v_misc_9, grunt_vaults_focal,
          nicolae_vaults_house_3, v_misc_31, nicolae_vaults_mini_display_case,
          hangedman_vaults_restitches, nicolae_vaults_double_plus_2,
          hangedman_vaults_slither, v_misc_25, ontoclasm_vaults_pinch,
          nicolae_vaults_trapezoid_1, v_misc_18, layout_vaults_maze
Vaults:2: v_rooms_3, v_misc_14, hangedman_vaults_stagger, special_room_vaults
          [special_room_orc], grunt_vaults_bifocal, vaults_dpeg_diagonal,
          nicolae_vaults_trapezoid_lopsided_1, nicolae_vaults_little_squares_1,
          nicolae_vaults_tetromino_T_1, v_misc_18, layout_vaults_chaotic_city,
          serial_shops, shop, uniq_margery
Vaults:3: v_pattern_1, st_cross, nicolae_vaults_diamond_1,
          nicolae_vaults_wine_cellar, nicolae_vaults_offset_grid_hallway_1,
          nicolae_vaults_heist, nicolae_vaults_little_squares_1,
          nicolae_vaults_more_shelving_2, v_misc_27,
          nicolae_vaults_circle_grid_a, v_misc_4,
          nicolae_vaults_little_squares_1, v_misc_25,
          hangedman_vaults_stretched_pinwheel, v_alt_pattern_3,
          layout_vaults_omnibox
Vaults:4: ebering_ghost_xom, nicolae_vaults_diamond_1, nicolae_vaults_tangram_2,
          ontoclasm_vaults_hangar, nicolae_vaults_cornered_office,
          ontoclasm_vaults_chip, nicolae_vaults_surprise_closet_hard,
          nicolae_vaults_apartment_2, hangedman_vaults_maws, v_alt_pattern_3,
          layout_vaults_big_cross
Vaults:5: uniq_jory
Crypt:1:  layout_rooms
Crypt:2:  layout_misc_corridors
Crypt:3:  church_of_pain_bobbens, layout_chaotic_city, tomb_entry_shell_bobbens
Depths:1: layout_roguey, enter_ziggurat_b, hell_entry, serial_aquarium,
          aquarium_bridge_square [aquarium_subvault_bridge,
          aquarium_subvault_wall, aquarium_subvault_balcony,
          aquarium_subvault_window], aquarium_window_fake, aquarium_window_1,
          aquarium_window_corner, aquarium_view_2e, aquarium_balcony_1a,
          nicolae_abyss_entry_one_way_or_another, rand_demon_pan_entry_1,
          hangedman_feature_mirror, drop_trap, minmay_holes,
          nicolae_uskayaw_murder_on_the_dancefloor
Depths:2: hangedman_box_tower, layout_cave_pools, abyss_entry_glasseish,
          ebering_ghost_inner_flame, rand_demon_pan_entry_4, lemuel_round_altar,
          hangedman_geh_valley, infiniplex_staircase_zigzag_2
Depths:3: nzn_winding_woodlands_small [nzn_winding_woodlands_5x15_split_checker,
          nzn_winding_woodlands_center_diamonds,
          nzn_winding_woodlands_5x15_pathside_ponds], layout_gridlike,
          pf_hell_entry_tar_river, serial_bayou_shore_b,
          hangedman_abyss_entry_splay, serial_shops, shop
Depths:4: grunt_zot_entry_pinwheel, layout_basic, grunt_hell_entry_dis_grunt,
          abyss_entry, serial_bayou_shore_b

Skill      XL: |  1  2  3  4  5  6  7  8  9 10 11 12 13 14 15 16 17 18 19 20 21 22 23 24 25 26 |
---------------+-------------------------------------------------------------------------------+-----
Ranged Weapons | 5 6 8 9 11 14 16 17 18 19 20 23 25 26 | 26.0
Invocations    | 1 2 3 5 7 8 10 12 13 15 16 17 18 | 18.0
Dodging        | 2 6 10 12 13 15 16 17 18 20 21 23 25 | 25.8
Fighting       | 4 8 11 13 15 16 17 18 19 20 22 23 24 | 24.1
Stealth        | |  1.1

Action                     |  1- 3 |  4- 6 |  7- 9 | 10-12 | 13-15 | 16-18 | 19-21 | 22-24 | 25-27 || total
---------------------------+-------+-------+-------+-------+-------+-------+-------+-------+-------++-------
  Melee: Arbalest          |       |       |       |       |       |     8 |       |       |       ||     8
         Longbow           |       |       |       |       |       |       |     6 |       |       ||     6
   Fire: Shortbow          |   108 |   124 |    63 |       |       |       |       |       |       ||   295
         Orcbow            |       |       |   276 |   931 |  1981 |   187 |       |       |       ||  3375
         Arbalest          |       |       |       |       |       |  1008 |   142 |       |       ||  1150
         Longbow           |       |       |       |       |       |       |  2028 |       |       ||  2028
         Triple crossbow   |       |       |       |       |       |       |   150 |  1283 |   669 ||  2102
 Invoke: Heal Self         |       |       |       |     1 |     8 |    22 |     5 |       |       ||    36
         Divine Vigour     |       |       |       |       |       |       |     2 |       |       ||     2
         Vitalisation      |       |       |       |       |       |       |       |     1 |     7 ||     8
         Recite            |       |       |       |       |       |       |       |       |     5 ||     5
  Evoke: Wand              |       |       |       |       |     2 |       |       |       |       ||     2
    Use: Scroll            |     5 |     3 |     6 |     6 |    14 |     5 |     6 |     5 |     8 ||    58
         Potion            |       |       |     2 |     1 |     4 |     5 |     3 |     7 |     7 ||    29
 Armour: Leather armour    |    13 |    15 |    46 |    76 |       |       |       |       |       ||   150
         Robe              |       |       |       |   111 |   205 |   120 |       |       |       ||   436
         Troll leather arm |       |       |       |       |       |   308 |   299 |   203 |   121 ||   931
  Dodge: Dodged            |    28 |    11 |    61 |   317 |   830 |  2266 |  1843 |  1335 |  1134 ||  7825
  Block: Other             |       |     6 |    31 |   107 |   221 |   376 |   352 |   126 |       ||  1219
         Reflection        |       |     1 |     6 |     4 |     2 |    28 |    13 |    11 |       ||    65

Table legend: (Time is in decaauts)
 A = Elapsed time spent in this place.
 B = Non-inter-level travel time spent in this place.
 C = Inter-level travel time spent in this place.
 D = Time resting spent in this place.
 E = Time spent auto-exploring this place.
 F = Levels seen in this place.
 G = Mean time per level.
                   A        B        C        D        E       F      G
               +--------+--------+--------+--------+--------+-----+--------+
         Total |  55702 |  49571 |   6131 |   8618 |  28704 |  50 | 1114.0 |
       Dungeon |  17849 |  14995 |   2854 |   2628 |   9498 |  15 | 1189.9 |
        Temple |    165 |    118 |     47 |    100 |      0 |   1 |  165.0 |
          Lair |   7489 |   6581 |    908 |   1970 |   3184 |   5 | 1497.8 |
        Shoals |   4024 |   3848 |    176 |    269 |   2489 |   4 | 1006.0 |
   Spider Nest |   4097 |   3794 |    303 |    565 |   1897 |   4 | 1024.2 |
  Orcish Mines |   2683 |   2256 |    427 |    257 |   1366 |   2 | 1341.5 |
   Elven Halls |   3181 |   2968 |    213 |    453 |   1598 |   3 | 1060.3 |
        Vaults |   6855 |   5984 |    871 |    978 |   3293 |   5 | 1371.0 |
         Crypt |   2241 |   2147 |     94 |     50 |   1592 |   3 |  747.0 |
        Depths |   5211 |   4977 |    234 |    566 |   3223 |   4 | 1302.8 |
         Abyss |    576 |    576 |      0 |     44 |    274 |   2 |  288.0 |
        Bazaar |     58 |     58 |      0 |      0 |     37 |   1 |   58.0 |
      Ice Cave |   1267 |   1267 |      0 |    734 |    251 |   1 | 1267.0 |
               +--------+--------+--------+--------+--------+-----+--------+

Top non-repeatable levels by time:
  Lair:5: 2692 daAuts
   Orc:2: 2170 daAuts
  Lair:2: 2108 daAuts
Vaults:4: 2039 daAuts
Vaults:2: 2028 daAuts
     D:6: 1748 daAuts
    D:12: 1724 daAuts
Depths:2: 1669 daAuts
    D:15: 1648 daAuts
     D:8: 1571 daAuts
Vaults:1: 1492 daAuts
     D:9: 1447 daAuts
Depths:3: 1391 daAuts
     D:5: 1363 daAuts
Shoals:4: 1311 daAuts
